 Dungeon Crawl Stone Soup version 0.31.0-11-ge490571c62 (webtiles) character file.

Game seed: 4347138499256929286

328 Curundu the Chopper (level 6, 0/56 HPs)
             Began as a Minotaur Berserker on Feb 8, 2024.
             Was a Priest of Trog.
             Killed from afar by a raiju (7 damage)
             ... with a living lightning
             ... on level 2 of the Abyss on Feb 9, 2024.
             The game lasted 00:11:03 (3518 turns).

Curundu the Chopper (Minotaur Berserker)            Turns: 3518, Time: 00:11:04

Health: 0/56       AC:  9    Str: 24    XL:     6   Next: 25%
Magic:  5/5        EV:  9    Int:  4    God:    Trog [***...]
Gold:   197        SH:  0    Dex:  9    Spells: 5/5 levels left

rFire   . . .        n - +1 hand axe (heavy)
rCold   . . .        (no shield)
rNeg    . . .        c - +0 chain mail
rPois   .            (helmet restricted)
rElec   .            (no cloak)
rCorr   .            (no gloves)
SInv    .            (no boots)
Will    .....        (no amulet) Stlth
                     (no ring)
HPRegen 0.29/turn    (no ring)
MPRegen 0.09/turn

%: no passive effects
@: no status effects
A: horns 2, retaliatory headbutt
a: Renounce Religion, Berserk, Trog's Hand


You were on level 2 of the Abyss.
You worshipped Trog.
Trog was most pleased with you.
You visited 1 branch of the dungeon, and saw 5 of its levels.
You visited the Abyss 1 time.

You collected 197 gold pieces.

Inventory:

Hand Weapons
 n - a +1 heavy hand axe (weapon)
Missiles
 q - a throwing net (quivered)
Armour
 c - a +0 chain mail (worn)
Jewellery
 u - a ring of ice
Wands
 b - a wand of polymorph (10)
 p - a wand of charming (5)
Scrolls
 i - 3 scrolls of teleportation
 j - a scroll of identify {unknown}
 k - a scroll of noise {unknown}
 l - a scroll of blinking {unknown}
 o - a scroll of revelation
 s - a scroll of torment {unknown}
Potions
 e - 2 potions of heal wounds {unknown}
 f - a potion of brilliance {unknown}
 g - a potion of berserk rage {unknown}
 m - a potion of haste {unknown}
 r - a potion of lignification {unknown}
 t - a potion of curing {unknown}


   Skills:
 + Level 5.2 Fighting
 + Level 5.8 Axes
 * Level 3.4 Armour
 + Level 3.4 Dodging
 - Level 0.5 Stealth
 * Level 1.3 Shields
 * Level 1.0 Evocations


You had 5 spell levels left.
You didn't know any spells.
Your spell library was empty.

Dungeon Overview and Level Annotations

Branches:
Dungeon (5/15)
 Temple: D:4-7

Altars:
Nemelex Xobeh

Shops:
D:4 *

Annotations:
D:5 Edmund


Innate Abilities, Weirdness & Mutations

You have a pair of horns on your head.
You reflexively headbutt those who attack you in melee.


Message History

Edmund moves out of view.
Your skin crawls.
You feel strong-willed. Edmund hits you but does no damage.
Space warps horribly around you.
You slash Edmund!
Edmund is heavily wounded.
Edmund hits you with a +0 flail of distortion!
Space warps horribly around you!
You slash Edmund! Your headbutt misses Edmund.
Edmund is severely wounded.
Edmund hits you but does no damage. Space warps horribly around you!
Edmund hits you but does no damage. Space warps around you.
You hit Edmund. Your headbutt misses Edmund.
Edmund is severely wounded.
Edmund hits you with a +0 flail of distortion.
You are cast into the Abyss!
This branch contains the abyssal rune of Zot.
You start resting.
You feel the effects of Trog's Hand fading.
Unknown command.
You start resting. 2 raiju come into view.
Your skin stops crawling.
You feel less strong-willed.
The raiju barks!
A raiju comes into view.
The raiju bursts into living lightning!
The living lightning hits you!
The raiju blinks! x2
You miss the raiju. You punch the raiju, but do no damage. The raiju bites you.
The raiju shocks you!
You hit the raiju.
You headbutt the raiju, but do no damage.
The raiju is lightly wounded.
The raiju bursts into living lightning!
The living lightning hits you!
* * * LOW HITPOINT WARNING * * *
The raiju blinks!
The raiju closely misses you. You furiously retaliate!
You headbutt the raiju.
The raiju bursts into living lightning!
The living lightning hits you!
You die...

### #
###..#..#
#h.......
#@###.#
#§# ..#...
#.........
###.. .#..
....#
.h#.h.§
..h .h.
##.. ..
..# .


You could see 3 raiju.

Vanquished Creatures
  2 scorpions (D:4)
  An orc priest (D:3)
  6 adders
  3 gnolls (D:4)
  2 dart slugs (D:4)
  2 ribbon worms (D:2)
  6 orcs
  6 bats
  9 endoplasms
  5 giant cockroaches
  5 goblins
  4 hobgoblins
  4 jackals (D:2)
  8 quokkas
  9 ball pythons
  7 frilled lizards
  8 kobolds
  2 rats
89 creatures vanquished.

Notes
Turn   | Place    | Note
-------+----------+-------------------------------------------
     0 | D:1      | Curundu the Minotaur Berserker began the quest for the Orb.
     0 | D:1      | Reached XP level 1. HP: 19/19 MP: 0/0
   183 | D:1      | Reached XP level 2. HP: 27/27 MP: 1/1
   546 | D:1      | Reached ** piety under Trog
   696 | D:2      | Reached XP level 3. HP: 22/33 MP: 2/2
  1579 | D:3      | Reached XP level 4. HP: 34/41 MP: 3/3
  1927 | D:3      | Reached skill level 5 in Axes
  2265 | D:4      | Noticed a scorpion
  2271 | D:4      | Killed a scorpion
  2272 | D:4      | Reached skill level 5 in Fighting
  2272 | D:4      | Reached XP level 5. HP: 47/48 MP: 4/4
  2438 | D:4      | Reached skill level 1 in Shields
  2438 | D:4      | Reached XP level 6. HP: 23/56 MP: 5/5
  2784 | D:4      | Found Zammauso's Fire Supplies.
  2955 | D:4      | Found a sparkling altar of Nemelex Xobeh.
  2979 | D:4      | Reached *** piety under Trog
  3058 | D:4      | Identified the +2 pair of gloves of the Circus Animal
                  | {rElec rN+ Str+2}
  3085 | D:4      | Reached skill level 1 in Evocations
  3440 | D:5      | Entered Level 5 of the Dungeon
  3493 | D:5      | Noticed Edmund
  3499 | Abyss:2  | Cast into level 2 of the Abyss (Edmund)
  3514 | Abyss:2  | Noticed a raiju
  3514 | Abyss:2  | Noticed a raiju
  3515 | Abyss:2  | Noticed a raiju
  3518 | Abyss:2  | Killed from afar by a raiju

Illustrated notes

Levels and vault maps discovered:
D:1:      spicycebolla_arrival_ecumenical, layout_rooms, minmay_quantized
D:2:      layout_loops_ring, corexii_leaking_fountain
D:3:      layout_loops_cross
D:4:      layout_basic, nemelex_dance_club_becter, gup_sewer_entry_pipe,
          nicolae_shop_fire_sale [nicolae_sub_dead_trees], st_stairs_9
D:5:      dreamdust_elfheim, layout_basic, jmf_multi_god_temple,
          mainiacjoe_overflow_big_doors, uniq_pikel, uniq_prince_ribbit1,
          uniq_edmund
Abyss:2:  base: Temple, minivault_11

Skill      XL: |  1  2  3  4  5  6 |
---------------+-------------------+-----
Fighting       | 4 5 |  5.2
Axes           | 4 5 |  5.8
Dodging        | 3 |  3.4
Armour         | 3 |  3.4
Shields        | 1 |  1.3
Evocations     | 1 |  1.0
Stealth        | |  0.5

Action                     |  1- 3 |  4- 6 || total
---------------------------+-------+-------++-------
  Melee: Hand axe          |    97 |    77 ||   174
         Headbutt          |     7 |    12 ||    19
         Punch             |     1 |     1 ||     2
 Invoke: Trog's Hand       |     1 |     1 ||     2
         Berserk           |       |     1 ||     1
    Use: Scroll            |     2 |     3 ||     5
 Armour: Animal skin       |    73 |     3 ||    76
         Chain mail        |       |    82 ||    82
  Dodge: Dodged            |    77 |    35 ||   112
